[Event "10th LCC FIDE Open 2018"]
[Site "London"]
[Date "2018.12.09"]
[Round "1"]
[White "Piesik, Piotr"]
[Black "Yoon, Jacob D"]
[Result "1-0"]
[ECO "A30"]
[WhiteElo "2404"]
[BlackElo "2009"]
[Annotator "ChessBase"]
[PlyCount "97"]
[EventDate "2018.12.09"]
[EventType "swiss"]
[EventCountry "ENG"]
[SourceTitle "playchess.com"]
[Source "ChessBase"]
[SourceQuality "1"]
[TimeControl "40/5400+30:1800+30"]

1. d4 e6 2. g3 c5 3. Nf3 b6 4. Bg2 Bb7 5. O-O cxd4 6. Qxd4 Nf6 7. c4 Be7 8. Nc3 O-O 9. e4 d6 10. Rd1 a6 11. b3 Nbd7 12. Bb2 Qc7 13. Qe3 Rfd8 14. Rac1 Rac8 15. Nd4 Bf8 16. Qe2 Qb8 17. Re1 Qa8 18. g4 Nc5 19. g5 Ne8 20. h4 g6 21. Qe3 Ng7 22. Rcd1 Re8 23. Qf3 Rcd8 24. Nc2 Nd7 25. Ne3 Ne5 26. Qh3 Nh5 27. Qh2 f5 28. gxf6 Nxf6 29. f4 Neg4 30. Nxg4 Nxg4 31. Qg3 Nf6 32. Bf3 Bg7 33. h5 gxh5 34. Nd5 exd5 35. Bxf6 Rd7 36. exd5 Kh8 37. Bg5 h6 38. Qh3 Rf7 39. Qxh5 Rxe1+ 40. Rxe1 Qf8 41. Bg4 b5 42. Be6 Rxf4 43. Bxf4 Qxf4 44. Qe8+ Bf8 45. Qf7 Qg3+ 46. Kf1 Qd3+ 47. Re2 Qd1+ 48. Kf2 Qd4+ 49. Kg2 1-0

[Event "10th LCC FIDE Open 2018"]
[Site "London"]
[Date "2018.12.09"]
[Round "1"]
[White "Eggleston, David J"]
[Black "Ditmas, Hugh"]
[Result "1-0"]
[ECO "B33"]
[WhiteElo "2397"]
[BlackElo "1978"]
[Annotator "NA"]
[PlyCount "89"]
[EventDate "2018.12.09"]
[EventType "swiss"]
[EventCountry "ENG"]
[SourceTitle "playchess.com"]
[Source "ChessBase"]
[SourceQuality "1"]
[TimeControl "40/5400+30:1800+30"]

1. e4 c5 2. Nf3 Nc6 3. d4 cxd4 4. Nxd4 Nf6 5. Nc3 e5 6. Ndb5 d6 7. Bg5 a6 8. Na3 b5 9. Nd5 Be7 10. Bxf6 Bxf6 11. c3 Bg5 12. Nc2 Rb8 13. a4 bxa4 {[%emt 0:00:26] B33: Sicilian: Pelikan and Sveshnikov Variations} 14. Ncb4 Nxb4 15. cxb4 Bd7 16. Rxa4 (16. Bxa6 O-O 17. O-O Qe8 18. b3 axb3 19. Qxb3 Bd8 20. Bc4 Kh8 21. Ra2 {½-½ (30) Karjakin,S (2773)-Dubov,D (2666) Tbilisi 2017}) 16... a5 $146 ({Predecessor:} 16... Bxa4 17. Qxa4+ Qd7 18. Qxd7+ Kxd7 19. Bxa6 Bd8 20. Ke2 Rb6 21. Ra1 {1-0 (33) Alsina Leal,D (2517)-Prats Rodriguez,J (2101) Barcelona 2008}) 17. h4 Bh6 18. Rxa5 Rxb4 19. Nxb4 Qxa5 20. Qxd6 Qa1+ 21. Qd1 Qxb2 22. Nd5 O-O 23. Be2 Bb5 24. Bxb5 Qxb5 25. Rh3 Rb8 26. Rd3 g6 27. g3 Bf8 28. Kf1 Qc4 29. Kg1 Kg7 30. Re3 (30. Qf3 $11) 30... Bc5 $1 31. Re2 $2 {[%emt 0:01:11] [#]} (31. Rc3 $17 Qxe4 32. Rxc5) 31... Bd4 $2 (31... Rb1 $1 $19 32. Qxb1 Qxe2) 32. Qc2 Qa6 33. Rd2 Qa5 34. Qd3 Rb1+ 35. Kh2 Qa1 36. Qf3 Qa6 37. Rc2 Rb2 38. Rxb2 Bxb2 39. h5 Bc1 40. Qc3 Qf1 $2 (40... Bg5 41. Qxe5+ Kh6 42. hxg6 fxg6) 41. Qxe5+ Kh6 42. Qf6 Qe2 43. Qxf7 Qxh5+ (43... Bg5 $18 44. hxg6 Qh5+ 45. Kg2 Qxg6 46. Qf8+ Qg7) 44. Kg2 Qe5 45. Nf6 1-0

[Event "10th LCC FIDE Open 2018"]
[Site "London"]
[Date "2018.12.09"]
[Round "1"]
[White "Lewtak, Damian"]
[Black "Rice, Chris B"]
[Result "1-0"]
[ECO "A45"]
[WhiteElo "2393"]
[BlackElo "1963"]
[Annotator "ChessBase"]
[PlyCount "57"]
[EventDate "2018.12.09"]
[EventType "swiss"]
[EventCountry "ENG"]
[SourceTitle "playchess.com"]
[Source "ChessBase"]
[SourceQuality "1"]
[TimeControl "40/5400+30:1800+30"]

1. d4 Nf6 2. Bf4 b6 3. f3 Ba6 4. e4 Bxf1 5. Kxf1 e6 6. Ne2 d5 7. e5 Nfd7 8. c4 dxc4 9. Qa4 c5 10. Qxc4 Nc6 11. Nbc3 Nxd4 12. Nxd4 cxd4 13. Qxd4 Bc5 14. Qa4 O-O 15. Rd1 Qh4 16. Bg3 Qxa4 17. Nxa4 Rfd8 18. Ke2 Be7 19. Rd3 Kf8 20. Rhd1 Ke8 21. Nc3 Rac8 22. Nb5 Rc5 23. Nd6+ Bxd6 24. Rxd6 Rc2+ 25. Kf1 Ke7 26. f4 f6 27. f5 Rcc8 28. Rxe6+ Kf7 29. Red6 1-0

[Event "10th LCC FIDE Open 2018"]
[Site "London"]
[Date "2018.12.09"]
[Round "1"]
[White "Lacasa Diaz, Jose Antonio"]
[Black "Nelson, Omowale"]
[Result "1-0"]
[ECO "D10"]
[WhiteElo "2389"]
[BlackElo "1956"]
[Annotator "ChessBase"]
[PlyCount "71"]
[EventDate "2018.12.09"]
[EventType "swiss"]
[EventCountry "ENG"]
[SourceTitle "playchess.com"]
[Source "ChessBase"]
[SourceQuality "1"]
[TimeControl "40/5400+30:1800+30"]

1. d4 d5 2. Bf4 Nf6 3. e3 Bf5 4. c4 c6 5. Nc3 e6 6. Qb3 Qb6 7. c5 Qxb3 8. axb3 Nbd7 9. h3 a6 10. b4 Rc8 11. Nf3 h6 12. Nd2 Be7 13. Nb3 Bd8 14. Bd6 Bc7 15. Bxc7 Rxc7 16. b5 O-O 17. b6 Rcc8 18. Na5 Rb8 19. Bxa6 bxa6 20. Nxc6 Bd3 21. Kd2 Bc4 22. Nxb8 Nxb8 23. Kc2 Ne4 24. b3 Nxc3 25. bxc4 Ne4 26. cxd5 exd5 27. f3 Ng3 28. Rhb1 Nf5 29. Kd3 Ne7 30. b7 Kh7 31. Rb6 Nec6 32. Kd2 a5 33. Rab1 Rd8 34. Rxc6 Nxc6 35. Rb6 Nb8 36. c6 1-0

[Event "10th LCC FIDE Open 2018"]
[Site "London"]
[Date "2018.12.09"]
[Round "1"]
[White "Milliet, Sophie"]
[Black "Newton, Andrew"]
[Result "1-0"]
[ECO "B23"]
[WhiteElo "2376"]
[BlackElo "1948"]
[Annotator "NA"]
[PlyCount "37"]
[EventDate "2018.12.09"]
[EventType "swiss"]
[EventCountry "ENG"]
[SourceTitle "playchess.com"]
[Source "ChessBase"]
[SourceQuality "1"]
[TimeControl "40/5400+30:1800+30"]

1. e4 c5 2. Nc3 d6 3. f4 g6 4. Nf3 Bg7 5. Bb5+ Bd7 6. Bc4 Nf6 7. e5 Nh5 8. O-O O-O 9. Ng5 dxe5 10. fxe5 e6 11. Nf3 Bc6 12. d3 Bxe5 13. Nxe5 Qd4+ 14. Kh1 Qxe5 15. Bh6 Rd8 16. Qd2 Nd7 17. Rae1 Qc7 18. Rxf7 Kxf7 19. Rxe6 1-0

[Event "10th LCC FIDE Open 2018"]
[Site "London"]
[Date "2018.12.09"]
[Round "1"]
[White "Bates, Richard A"]
[Black "Edwards, Simon R"]
[Result "1/2-1/2"]
[ECO "A43"]
[WhiteElo "2372"]
[BlackElo "1931"]
[Annotator "NA"]
[PlyCount "68"]
[EventDate "2018.12.09"]
[EventType "swiss"]
[EventCountry "ENG"]
[SourceTitle "playchess.com"]
[Source "ChessBase"]
[SourceQuality "1"]
[TimeControl "40/5400+30:1800+30"]

1. d4 Nf6 2. Nf3 c5 3. d5 b5 4. Bg5 Ne4 5. Bh4 Bb7 6. Qd3 f5 7. Nbd2 c4 8. Qd4 Na6 9. c3 Nc7 10. Nxe4 fxe4 11. Qxe4 Nxd5 12. Qf5 g6 13. Qc2 Bg7 14. e4 Nf6 15. Nd2 O-O 16. Be2 Qb6 17. Bf3 e6 18. O-O d5 19. Rad1 d4 20. cxd4 Qxd4 21. Bxf6 Qxf6 22. e5 Qe7 23. Bxb7 Qxb7 24. f4 Qb6+ 25. Kh1 Rad8 26. Ne4 Qe3 27. Rxd8 Rxd8 28. Nd6 a6 29. Qd1 Bxe5 30. fxe5 Qxe5 31. Qf3 Qxd6 32. Qf7+ Kh8 33. Qf6+ Kg8 34. Qf7+ Kh8 1/2-1/2

[Event "10th LCC FIDE Open 2018"]
[Site "London"]
[Date "2018.12.09"]
[Round "1"]
[White "Wadsworth, Matthew J"]
[Black "Atanasov, Anthony"]
[Result "1-0"]
[ECO "A34"]
[WhiteElo "2364"]
[BlackElo "1928"]
[Annotator "NA"]
[PlyCount "87"]
[EventDate "2018.12.09"]
[EventType "swiss"]
[EventCountry "ENG"]
[SourceTitle "playchess.com"]
[Source "ChessBase"]
[SourceQuality "1"]
[TimeControl "40/5400+30:1800+30"]

1. c4 Nf6 2. g3 g6 3. Bg2 d5 4. cxd5 Nxd5 5. Nc3 Nxc3 6. bxc3 c5 7. Nf3 Bg7 8. O-O O-O 9. Rb1 Nc6 10. Qa4 Qc7 11. Qh4 Bf5 12. d3 Bxc3 13. g4 Bf6 14. Ng5 Bxg5 15. Bxg5 Be6 16. Bxc6 Qxc6 17. Bxe7 Rfe8 18. h3 Bxa2 19. Rb2 Qe6 20. Bxc5 Qe5 21. Ba3 Bd5 22. Rc2 Bc6 23. Bb2 Qd5 24. f3 Qe6 25. Rf2 Qe7 26. Qh6 Qf8 27. Qf4 Re6 28. e4 Qd6 29. Qh6 Qf8 30. Qd2 f6 31. d4 Ba4 32. Rc3 Qd6 33. d5 Ree8 34. Qd4 Bb5 35. f4 Rec8 36. g5 Qb6 37. Qxb6 axb6 38. Rxc8+ Rxc8 39. gxf6 Bd3 40. e5 Be4 41. Rd2 Rc2 42. Rxc2 Bxc2 43. e6 b5 44. f7+ 1-0

[Event "10th LCC FIDE Open 2018"]
[Site "London"]
[Date "2018.12.09"]
[Round "1"]
[White "Sowray, Peter J"]
[Black "Balaji, Aaravamudhan"]
[Result "1-0"]
[ECO "E81"]
[WhiteElo "2342"]
[BlackElo "1914"]
[Annotator "NA"]
[PlyCount "71"]
[EventDate "2018.12.09"]
[EventType "swiss"]
[EventCountry "ENG"]
[SourceTitle "playchess.com"]
[Source "ChessBase"]
[SourceQuality "1"]
[TimeControl "40/5400+30:1800+30"]

1. d4 Nf6 2. c4 g6 3. Nc3 Bg7 4. e4 d6 5. f3 O-O 6. Be3 c5 7. Nge2 Nc6 8. d5 Ne5 9. Ng3 h5 10. Be2 {[%emt 0:00:12] E81: King's Indian: Sämisch: 6th move deviations (including 6 Be3 c6)} h4 11. Nf1 a6 (11... e6 12. Bg5 exd5 13. Nxd5 h3 14. gxh3 Bxh3 15. Ng3 Qa5+ 16. b4 Qd8 17. bxc5 Qa5+ {½-½ (89) Sethuraman,S (2631)-Jones,G (2675) Dubai 2018}) 12. a4 Bd7 13. h3 b5 $146 ({Predecessor:} 13... Qa5 14. Bd2 Be8 15. f4 Ned7 16. Nh2 e5 17. f5 Qb6 {½-½ (39) Timson,P (2506)-Pugh,J (2472) ICCF email 2014}) 14. axb5 axb5 15. Rxa8 Qxa8 16. cxb5 c4 17. Nd2 Nh5 18. O-O Ng3 19. Rf2 Nxe2+ 20. Rxe2 Rc8 21. f4 Nd3 22. Nf3 Nxb2 23. Rxb2 Bxc3 24. Rb1 Bf6 25. Nd4 Qa3 26. Bf2 Bxd4 27. Bxd4 c3 $1 28. Qc2 Rc4 29. b6 Bc8 30. Be3 Rb4 31. Rc1 Rb3 32. Bd4 Qb4 (32... Ba6 $11) 33. Kh1 Ba6 (33... Bb7 $11 {remains equal.}) 34. Bxc3 Qxb6 {[%emt 0:00:15] [#]} 35. Bd4 $11 (35. f5 $1 $16) 35... Qb4 36. Qc8+ 1-0

[Event "10th LCC FIDE Open 2018"]
[Site "London"]
[Date "2018.12.09"]
[Round "1"]
[White "Taylor, Adam C"]
[Black "Rizzoli, Aluna"]
[Result "1-0"]
[ECO "B30"]
[WhiteElo "2331"]
[BlackElo "1911"]
[Annotator "NA"]
[PlyCount "53"]
[EventDate "2018.12.09"]
[EventType "swiss"]
[EventCountry "ENG"]
[SourceTitle "playchess.com"]
[Source "ChessBase"]
[SourceQuality "1"]
[TimeControl "40/5400+30:1800+30"]

1. e4 c5 2. Nf3 Nc6 3. Nc3 g6 4. Bc4 Bg7 5. O-O e6 6. d4 Nxd4 7. Nxd4 cxd4 8. Nb5 Qb6 9. c3 dxc3 10. Bf4 c2 11. Qxc2 Kf8 12. Nc7 Rb8 13. Nxe6+ fxe6 14. Bxb8 Qxb2 15. Qd3 Qd4 16. Qf3+ Qf6 17. Qa3+ Ne7 18. e5 Qf4 19. Bd6 Bxe5 20. Bxe7+ Kf7 21. g3 Qxc4 22. Bg5 Re8 23. Rac1 Qg4 24. Qe3 Bd4 25. Qd2 h6 26. Be3 Bf6 27. Rxc8 1-0

[Event "10th LCC FIDE Open 2018"]
[Site "London"]
[Date "2018.12.09"]
[Round "1"]
[White "Millward, Kevin P"]
[Black "Gilevych, Artem"]
[Result "1/2-1/2"]
[ECO "A47"]
[WhiteElo "2012"]
[BlackElo "2409"]
[Annotator "ChessBase"]
[PlyCount "132"]
[EventDate "2018.12.09"]
[EventType "swiss"]
[EventCountry "ENG"]
[SourceTitle "playchess.com"]
[Source "ChessBase"]
[SourceQuality "1"]
[TimeControl "40/5400+30:1800+30"]

1. d4 Nf6 2. Bf4 c5 3. e3 e6 4. c3 Be7 5. Nd2 b6 6. h3 O-O 7. Ngf3 d6 8. Bd3 Ba6 9. Bxa6 Nxa6 10. O-O cxd4 11. exd4 b5 12. a4 b4 13. c4 Nb8 14. Qe2 Nc6 15. Rfd1 Re8 16. Ne4 Rc8 17. Ned2 Qa5 18. Bh2 Bf8 19. Nb3 Qa6 20. Qf1 e5 21. d5 Na5 22. Nxa5 Qxa5 23. Nd2 Nd7 24. b3 f5 25. f3 g6 26. Kh1 Bg7 27. Rab1 Qd8 28. Bg1 a5 29. Qd3 Bh6 30. Re1 Bf4 31. Nf1 Qg5 32. Bf2 Qf6 33. Re2 h5 34. g3 Bh6 35. Kg2 Rf8 36. Qc2 h4 37. gxh4 e4 38. fxe4 f4 39. Ree1 g5 40. Nh2 Ne5 41. Kh1 Rc7 42. Rg1 Rg7 43. Bd4 g4 44. Nxg4 Qxh4 45. Nxh6+ Qxh6 46. Rxg7+ Kxg7 47. Bxe5+ dxe5 48. Qg2+ Kf6 49. Rg1 f3 50. Rf1 Ke7 51. Rxf3 Qc1+ 52. Kh2 Rxf3 53. Qxf3 Qd2+ 54. Kg3 Qg5+ 55. Kf2 Qd2+ 56. Qe2 Qf4+ 57. Kg2 Qg5+ 58. Kf1 Qf4+ 59. Kg1 Qg3+ 60. Qg2 Qxb3 61. Qg7+ Kd6 62. Qf8+ Kd7 63. Qf5+ Kd6 64. Qf8+ Kd7 65. Qf7+ Kd6 66. Qf8+ Kd7 1/2-1/2

[Event "10th LCC FIDE Open 2018"]
[Site "London"]
[Date "2018.12.09"]
[Round "1"]
[White "Mueller, Jens"]
[Black "D'costa, Lorin Ar"]
[Result "0-1"]
[ECO "A45"]
[WhiteElo "1981"]
[BlackElo "2390"]
[Annotator "NA"]
[PlyCount "58"]
[EventDate "2018.12.09"]
[EventType "swiss"]
[EventCountry "ENG"]
[SourceTitle "playchess.com"]
[Source "ChessBase"]
[SourceQuality "1"]
[TimeControl "40/5400+30:1800+30"]

1. d4 Nf6 2. Bf4 g6 3. Nc3 d5 {[%emt 0:01:56] A45: Trompowsky Attack} 4. e3 Bg7 5. h4 c6 6. Be2 h6 7. Nf3 Qa5 8. Nd2 $146 ({Predecessor:} 8. Qd2 Bg4 9. Ne5 Bxe2 10. Qxe2 Qa6 11. Qf3 {½-½ (44) Eljanov,P (2765)-Radjabov,T (2726) Shamkir 2016}) 8... Nbd7 9. Nb3 Qb6 10. a3 a5 11. Na4 Qa7 12. O-O O-O 13. Nbc5 b5 14. Nxd7 Nxd7 15. Nc3 e5 16. dxe5 Nxe5 17. Rb1 Qe7 18. Bg3 h5 19. Bd3 Ng4 20. Qf3 Bd7 21. e4 {[%emt 0:03:01] [#]} d4 $1 22. Ne2 Bf6 23. Rbe1 Rad8 ({Worse is} 23... Bxh4 24. Nxd4 Bxg3 25. Qxg3 $11) (23... Ne5 $19 24. Qf4 c5) 24. e5 Nxe5 25. Bxe5 Bxe5 26. g3 Qd6 27. Nf4 Rfe8 28. c4 $2 (28. b4) 28... dxc3 $19 29. bxc3 Bg4 0-1

[Event "10th LCC FIDE Open 2018"]
[Site "London"]
[Date "2018.12.09"]
[Round "1"]
[White "Mueller, Jens"]
[Black "D`Costa, Lorin A R"]
[Result "0-1"]
[ECO "A45"]
[WhiteElo "1981"]
[BlackElo "2390"]
[Annotator "ChessBase"]
[PlyCount "58"]
[EventDate "2018.12.09"]
[EventType "swiss"]
[EventCountry "ENG"]
[SourceTitle "playchess.com"]
[Source "ChessBase"]
[SourceQuality "1"]
[TimeControl "40/5400+30:1800+30"]

1. d4 Nf6 2. Bf4 g6 3. Nc3 d5 4. e3 Bg7 5. h4 c6 6. Be2 h6 7. Nf3 Qa5 8. Nd2 Nbd7 9. Nb3 Qb6 10. a3 a5 11. Na4 Qa7 12. O-O O-O 13. Nbc5 b5 14. Nxd7 Nxd7 15. Nc3 e5 16. dxe5 Nxe5 17. Rb1 Qe7 18. Bg3 h5 19. Bd3 Ng4 20. Qf3 Bd7 21. e4 d4 22. Ne2 Bf6 23. Rbe1 Rad8 24. e5 Nxe5 25. Bxe5 Bxe5 26. g3 Qd6 27. Nf4 Rfe8 28. c4 dxc3 29. bxc3 Bg4 0-1

[Event "10th LCC FIDE Open 2018"]
[Site "London"]
[Date "2018.12.09"]
[Round "1"]
[White "Penna, Tommaso"]
[Black "Cherniaev, Alexander"]
[Result "0-1"]
[ECO "B00"]
[WhiteElo "1963"]
[BlackElo "2393"]
[Annotator "NA"]
[PlyCount "61"]
[EventDate "2018.12.09"]
[EventType "swiss"]
[EventCountry "ENG"]
[SourceTitle "playchess.com"]
[Source "ChessBase"]
[SourceQuality "1"]
[TimeControl "40/5400+30:1800+30"]

1. e4 e6 2. d4 b6 3. Bd3 Bb7 4. Nf3 d6 5. O-O Nd7 6. c4 Ne7 {[%emt 0:00:31] B00: Queen's Fianchetto Defence, Nimzowitsch Defence} (6... g6 7. Nc3 Bg7 8. b3 Ne7 9. Bb2 h6 10. Qd2 O-O 11. d5 a5 12. Rac1 e5 13. a3 f5 14. b4 {0-1 (33) Antipov,M (2457)-Epishin,V (2574) St Petersburg 2012}) 7. Nc3 g6 8. Qe2 Bg7 9. Rd1 $146 ({Predecessor:} 9. Be3 h6 10. Rfd1 O-O 11. Qd2 Kh7 12. Ne1 e5 13. dxe5 Nxe5 {½-½ (45) Higatsberger,M (2148)-Sadilek,M (2227) Austria 2015}) 9... h6 10. Bc2 O-O 11. Rb1 Kh7 12. h4 e5 13. d5 Nf6 14. b4 Bc8 15. Ne1 Nh5 16. g3 f5 17. exf5 Nxf5 18. Ne4 Nf6 19. h5 gxh5 20. Nf3 Kg8 21. Kg2 a5 22. a3 axb4 23. axb4 h4 24. gxh4 Ra2 25. Qd3 Nxe4 26. Qxe4 Rxc2 27. Qxc2 Nxh4+ 28. Nxh4 Qxh4 29. Rb3 Bf5 30. Qe2 Bg4 $19 {[%emt 0:00:04] Skewer} ({Weaker is} 30... Be4+ 31. f3 $15) 31. f3 0-1

[Event "10th LCC FIDE Open 2018"]
[Site "London"]
[Date "2018.12.09"]
[Round "1"]
[White "De Coverly, Roger D"]
[Black "Mirzoyan, Davit T."]
[Result "0-1"]
[ECO "C77"]
[WhiteElo "1951"]
[BlackElo "2382"]
[Annotator "ChessBase"]
[PlyCount "128"]
[EventDate "2018.12.09"]
[EventType "swiss"]
[EventCountry "ENG"]
[SourceTitle "playchess.com"]
[Source "ChessBase"]
[SourceQuality "1"]
[TimeControl "40/5400+30:1800+30"]

1. e4 e5 2. Nf3 Nc6 3. Bb5 a6 4. Ba4 Nf6 5. d3 Bc5 6. O-O b5 7. Bb3 d6 8. Nc3 h6 9. Be3 Bg4 10. Ne2 Bxf3 11. gxf3 Na5 12. d4 exd4 13. Nxd4 Bxd4 14. Bxd4 Nxb3 15. axb3 Nh5 16. Be3 O-O 17. Qd5 Qh4 18. Qf5 Rfe8 19. Qg4 Qxg4+ 20. fxg4 Nf6 21. f3 d5 22. Bd4 dxe4 23. Bxf6 gxf6 24. fxe4 Rxe4 25. Rxf6 Rxg4+ 26. Kf2 Rd8 27. Kf3 Rh4 28. Kg3 Rh5 29. Raf1 Rd6 30. h4 Rc5 31. c3 Rd3+ 32. R1f3 Rxf3+ 33. Kxf3 a5 34. Rxh6 b4 35. c4 Rf5+ 36. Ke3 f6 37. Rg6+ Kf7 38. Rg2 Rf1 39. Rh2 Kg6 40. Ke2 Rg1 41. h5+ Kh6 42. Rf2 Kg7 43. h6+ Kg6 44. Rh2 Kh7 45. Kd3 Rg6 46. Kd4 Rxh6 47. Re2 Kg6 48. Kc5 f5 49. Kb5 f4 50. Kxa5 Kf5 51. Kxb4 f3 52. Rd2 Ke4 53. Kc3 Rf6 54. b4 f2 55. Re2+ Kf3 56. Rxf2+ Kxf2 57. Kd4 Ke2 58. b5 Kd2 59. c5 Kc2 60. Kd5 Kb3 61. c6 Kb4 62. b6 Rd6+ 63. Ke5 Rxc6 64. b7 Rb6 0-1

[Event "10th LCC FIDE Open 2018"]
[Site "London"]
[Date "2018.12.09"]
[Round "1"]
[White "Cavendish, Joshua Z"]
[Black "Gschnitzer, Adrian"]
[Result "0-1"]
[ECO "B31"]
[WhiteElo "1944"]
[BlackElo "2374"]
[Annotator "NA"]
[PlyCount "48"]
[EventDate "2018.12.09"]
[EventType "swiss"]
[EventCountry "ENG"]
[SourceTitle "playchess.com"]
[Source "ChessBase"]
[SourceQuality "1"]
[TimeControl "40/5400+30:1800+30"]

1. e4 c5 2. Nf3 Nc6 3. Bb5 g6 4. Bxc6 bxc6 5. O-O Bg7 6. Re1 Nh6 7. c3 O-O 8. d4 cxd4 9. cxd4 d5 10. e5 f6 11. h3 fxe5 12. Nxe5 Qb6 13. b3 Nf7 14. Bf4 c5 15. Nc3 cxd4 16. Na4 Qf6 17. Qxd4 Qh4 18. Rac1 Nxe5 19. Qxd5+ e6 20. Qxa8 Qxf4 21. Qxa7 Nf3+ 22. gxf3 Bd4 23. Qa8 Qg3+ 24. Kh1 Bxf2 0-1

[Event "10th LCC FIDE Open 2018"]
[Site "London"]
[Date "2018.12.09"]
[Round "1"]
[White "Royal, Shreyas"]
[Black "Megalios, Konstantinos"]
[Result "0-1"]
[ECO "E00"]
[WhiteElo "1930"]
[BlackElo "2365"]
[Annotator "NA"]
[PlyCount "50"]
[EventDate "2018.12.09"]
[EventType "swiss"]
[EventCountry "ENG"]
[SourceTitle "playchess.com"]
[Source "ChessBase"]
[SourceQuality "1"]
[TimeControl "40/5400+30:1800+30"]

1. d4 Nf6 2. c4 e6 3. g3 Bb4+ 4. Bd2 a5 5. Bg2 d6 6. e4 e5 7. d5 Nbd7 8. Ne2 Nc5 9. Qc2 Bxd2+ 10. Nxd2 h5 11. O-O h4 12. Rab1 hxg3 13. hxg3 Ng4 14. Nf3 Qf6 15. Nc3 Bd7 16. b3 Ke7 17. a3 Rh5 18. b4 Na6 19. Rfd1 Rah8 20. Ne2 Rh1+ 21. Bxh1 Rxh1+ 22. Kg2 Rh2+ 23. Kf1 Ne3+ 24. fxe3 Qxf3+ 25. Ke1 Qf2+ 0-1

[Event "10th LCC FIDE Open 2018"]
[Site "London"]
[Date "2018.12.09"]
[Round "1"]
[White "Cramling Bellon, Anna"]
[Black "Mihajlov, Sebastian"]
[Result "0-1"]
[ECO "D17"]
[WhiteElo "1927"]
[BlackElo "2358"]
[Annotator "NA"]
[PlyCount "114"]
[EventDate "2018.12.09"]
[EventType "swiss"]
[EventCountry "ENG"]
[SourceTitle "playchess.com"]
[Source "ChessBase"]
[SourceQuality "1"]
[TimeControl "40/5400+30:1800+30"]

1. d4 Nf6 2. c4 c6 3. Nc3 d5 4. Nf3 dxc4 5. a4 Bf5 6. Nh4 Bc8 7. Nf3 Bf5 8. Nh4 Bd7 9. e3 {[%emt 0:00:49] D17: Slav Defence: 5 a4 Bf5: Lines with 6 Nh4 and 6 Ne5} b5 10. Nf3 e6 11. Ne5 Qb6 $146 ({Predecessor:} 11... a5 12. Qf3 Ra7 13. g4 Bc8 14. Nxc6 Nxc6 15. Qxc6+ Rd7 16. Qxb5 Nxg4 {0-1 (24) Schreiner,P (2480)-Shirov,A (2630) Germany 2017}) 12. Qf3 Qa5 13. Bd2 b4 14. Nxc4 Qf5 15. Qxf5 exf5 16. Na2 a5 17. Nc1 Be6 18. Bd3 Be7 19. Nb3 Bxc4 20. Bxc4 O-O 21. Rc1 g6 22. O-O Nbd7 23. Be2 Rfc8 24. Bf3 Ne4 25. Rfd1 Nb6 26. Bxe4 fxe4 27. Rc2 Kf8 28. f3 f5 29. fxe4 fxe4 30. Ra1 Ke8 31. Nc5 (31. Be1 $14) 31... Bxc5 32. Rxc5 Kd7 33. b3 Rf8 34. Rf1 (34. Rac1 $14) 34... Rxf1+ 35. Kxf1 Rf8+ 36. Ke2 Rf5 37. Rc1 Nd5 38. Be1 Rg5 39. g3 (39. Kf2 $15) 39... Rh5 40. h4 Rf5 41. Bd2 h5 42. Rg1 Nf6 43. Rg2 Ng4 44. Bc1 Kd6 45. Bd2 Rf3 46. Bc1 Nh6 47. Rg1 $2 (47. Rf2 {was the only chance.} Rxg3 48. Rf6+ Kc7 49. Rf4) 47... Nf5 48. g4 Ng3+ 49. Ke1 hxg4 50. Bd2 (50. Rg2 $142 Kd5 51. Rg1) 50... Ke6 51. Kd1 $19 Kf5 52. Ke1 Nh5 53. Ke2 g3 54. Be1 Kg4 55. Rh1 g2 56. Rg1 Kh3 57. Bf2 Ng3+ 0-1

[Event "10th LCC FIDE Open 2018"]
[Site "London"]
[Date "2018.12.09"]
[Round "1"]
[White "Rogacewicz, Mikolaj"]
[Black "Gullaksen, Eirik"]
[Result "0-1"]
[ECO "A40"]
[WhiteElo "1925"]
[BlackElo "2349"]
[Annotator "ChessBase"]
[PlyCount "94"]
[EventDate "2018.12.09"]
[EventType "swiss"]
[EventCountry "ENG"]
[SourceTitle "playchess.com"]
[Source "ChessBase"]
[SourceQuality "1"]
[TimeControl "40/5400+30:1800+30"]

1. d4 g6 2. c4 Bg7 3. e4 Nc6 4. Be3 e5 5. Ne2 exd4 6. Nxd4 Qf6 7. Nxc6 bxc6 8. Nc3 Ne7 9. Be2 O-O 10. O-O d6 11. Qd2 Bb7 12. Rfd1 c5 13. Bf3 Rab8 14. Nb5 Nc6 15. Bg5 Qxb2 16. Qxb2 Bxb2 17. Rab1 Be5 18. Nxc7 Nd4 19. Nb5 Nxb5 20. cxb5 f6 21. Bc1 f5 22. exf5 Bxf3 23. gxf3 Rxf5 24. f4 Bd4 25. Be3 Bxe3 26. fxe3 d5 27. Kg2 g5 28. Kf3 gxf4 29. exf4 Rbf8 30. Kg3 d4 31. Rdc1 R8f6 32. Rc4 Rd6 33. Rbc1 Rdd5 34. Kf3 Kf7 35. Ra4 Rd7 36. Ke4 Rh5 37. f5 d3 38. Ra3 d2 39. Rd1 Rh4+ 40. Ke5 Rxh2 41. Re3 Re7+ 42. Kf4 Rh4+ 43. Kg3 Rxe3+ 44. Kxh4 Rd3 45. a4 c4 46. a5 c3 47. b6 axb6 0-1

[Event "10th LCC FIDE Open 2018"]
[Site "London"]
[Date "2018.12.09"]
[Round "1"]
[White "Cole, James"]
[Black "Bradbury, Neil H"]
[Result "0-1"]
[ECO "A30"]
[WhiteElo "1914"]
[BlackElo "2336"]
[Annotator "NA"]
[PlyCount "74"]
[EventDate "2018.12.09"]
[EventType "swiss"]
[EventCountry "ENG"]
[SourceTitle "playchess.com"]
[Source "ChessBase"]
[SourceQuality "1"]
[TimeControl "40/5400+30:1800+30"]

1. d4 Nf6 2. c4 e6 3. g3 c5 4. Nf3 b6 5. Bg2 Bb7 6. O-O Be7 7. Nc3 cxd4 8. Nxd4 Bxg2 9. Kxg2 Qc8 10. Qd3 O-O {[%emt 0:07:05] A30: Symmetrical English: Double Fianchetto and Hedgehog} (10... Nc6 11. b3 O-O 12. Bb2 Ne5 13. Qe3 Neg4 14. Qf3 Ne5 15. Qf4 Qb7+ 16. Nf3 d6 17. Kg1 Nxf3+ 18. Qxf3 Qxf3 19. exf3 Rfc8 {½-½ (30) L'Ami,E (2639)-Meier,G (2639) Batumi 2018}) 11. Bg5 Nc6 12. b3 h6 13. Bxf6 $146 ({Predecessor:} 13. Bc1 Rd8 14. Bb2 {½-½ (47) Schindler,C (2261)-Schoeneberg,M (2225) Germany 2013}) 13... Bxf6 14. e3 Ne5 15. Qd2 Qb7+ 16. Kg1 a6 17. f4 Nc6 18. Rac1 Rfd8 19. a4 Na5 20. Rb1 Rac8 21. e4 Be7 22. Qd3 Bc5 23. Rfd1 Nc6 24. Nce2 Nb4 25. Qe3 b5 26. cxb5 axb5 27. Rbc1 bxa4 28. bxa4 Qa7 29. Rd2 d5 30. e5 Bb6 31. Rxc8 Rxc8 32. a5 $19 Qxa5 33. Qb3 Rc4 34. Kg2 Qc5 35. f5 Nc6 36. Nxc6 Qf2+ 37. Kh3 Qf1# 0-1

[Event "10th LCC FIDE Open 2018"]
[Site "London"]
[Date "2018.12.10"]
[Round "2"]
[White "Cherniaev, Alexander"]
[Black "Ogunshola, Olugbemiga (Ben)"]
[Result "1-0"]
[ECO "B23"]
[WhiteElo "2393"]
[BlackElo "2172"]
[Annotator "RC"]
[PlyCount "41"]
[EventDate "2018.12.09"]
[EventType "swiss"]
[EventCountry "ENG"]
[SourceTitle "playchess.com"]
[Source "ChessBase"]
[SourceQuality "1"]
[TimeControl "40/5400+30:1800+30"]

1. e4 d6 2. Nc3 c5 3. f4 Nc6 4. Nf3 g6 5. Bb5 Bg7 6. O-O Bd7 7. Kh1 a6 8. Bxc6 Bxc6 9. d3 b6 10. Bd2 Qd7 11. Qe2 Nf6 12. e5 Nd5 13. Ng5 Nc7 14. exd6 Qxd6 15. f5 O-O 16. Nce4 Qd8 17. fxg6 hxg6 18. Qg4 Bxe4 19. Qh4 Bxg2+ 20. Kxg2 Qd5+ 21. Rf3 1-0